SAA
FT. POLK SOUTH THUNDER HAWKS @ LANCASTER FARMERS
09/02/2029
 
TOP OF THE 1ST
Ft. Polk South Thunder Hawks batting - Pitching for Lancaster Farmers : RHP Bert Gean
Pitching: RHP Bert Gean
Batting: SHB David Martínez 0-0: Ball
1-0: Called Strike
1-1: Ball
2-1: Ball
3-1: Base on Balls
Batting: RHB Peter Feng 0-0: Ball
David Martínez is caught stealing 2nd base
1-0: Called Strike
1-1: Foul Ball, location: 2F
1-2: Fly out, F9 (Flyball, 9LM)
Batting: RHB Borja Berrios 0-0: Called Strike
0-1: Ball
1-1: Swinging Strike
1-2: Fly out, F7 (Flyball, 78S)
Top of the 1st over - 0 runs, 0 hits, 0 errors, 0 left on base; Ft. Polk South 0 - Lancaster 0
BOTTOM OF THE 1ST
Lancaster Farmers batting - Pitching for Ft. Polk South Thunder Hawks : RHP Ramón Solís
Pitching: RHP Ramón Solís
Batting: SHB Robert La Caze 0-0: Ball
1-0: Ball
2-0: Called Strike
2-1: DOUBLE (Line Drive, 5D)
Batting: RHB Woodrow Terrebonne 0-0: Fly out, F2 (Popup, 5SF)
Batting: LHB Tullu Amaad 0-0: SINGLE (Groundball, 4MD)
Robert La Caze to third
Runner from 3rd tries for Home, SAFE, throw made home
Tullu Amaad to second
Batting: RHB Gabe Cain 0-0: Foul Ball, location: 2F
0-1: Ball
1-1: Ball
2-1: Foul Ball, location: 2F
2-2: Foul Ball, location: 2F
2-2: SINGLE (Line Drive, 8LS)
Tullu Amaad to third
Runner from 3rd tries for Home, throw and OUT!
Gabe Cain to second
Batting: LHB Mark Armstead 0-0: Swinging Strike
0-1: Ball
1-1: Swinging Strike
1-2: Ball
2-2: Strikes out swinging
Bottom of the 1st over - 1 run, 3 hits, 0 errors, 1 left on base; Ft. Polk South 0 - Lancaster 1
TOP OF THE 2ND
Ft. Polk South Thunder Hawks batting - Pitching for Lancaster Farmers : RHP Bert Gean
Batting: RHB José Morín 0-0: Fly out, F8 (Line Drive, 8RXD)
Batting: RHB Turner Buccigross 0-0: Ball
1-0: Called Strike
1-1: Foul Ball, location: 2F
1-2: Ball
2-2: Strikes out swinging
Batting: RHB Erik Sterk 0-0: Ball
1-0: Called Strike
1-1: Ball
2-1: Ball
3-1: Base on Balls
Batting: RHB Alejandro Santiago 0-0: Hit by Pitch
Erik Sterk to second
Batting: LHB Tim Stinson 0-0: Foul Ball, location: 2F
0-1: Fly out, F8 (Flyball, 78M)
Top of the 2nd over - 0 runs, 0 hits, 0 errors, 2 left on base; Ft. Polk South 0 - Lancaster 1
BOTTOM OF THE 2ND
Lancaster Farmers batting - Pitching for Ft. Polk South Thunder Hawks : RHP Ramón Solís
Batting: LHB Pancho Farías 0-0: Ball
1-0: Called Strike
1-1: Fly out, F3 (Line Drive, 34)
Batting: RHB Alejandro Garza 0-0: Foul Ball, location: 2F
0-1: Called Strike
0-2: Foul Ball, location: 2F
0-2: Ball
1-2: Strikes out swinging
Batting: RHB Cosmo Castanhedo 0-0: Called Strike
0-1: Foul Ball, location: 2F
0-2: Foul Ball, location: 2F
0-2: SOLO HOME RUN (Line Drive, 78XD), Distance : 415 ft
Batting: RHB Juan Pedraza 0-0: Ball
1-0: Swinging Strike
1-1: Fly out, F4 (Line Drive, 4M)
Bottom of the 2nd over - 1 run, 1 hit, 0 errors, 0 left on base; Ft. Polk South 0 - Lancaster 2
TOP OF THE 3RD
Ft. Polk South Thunder Hawks batting - Pitching for Lancaster Farmers : RHP Bert Gean
Batting: RHB Luis Oliva 0-0: Called Strike
0-1: Foul Ball, location: 2F
0-2: Ball
1-2: Strikes out swinging
Batting: SHB David Martínez 0-0: Foul Ball, location: 2F
0-1: Ball
1-1: Ground out 6-3 (Groundball, 6M)
Batting: RHB Peter Feng 0-0: Called Strike
0-1: Ball
1-1: Ground out 4-3 (Groundball, 4)
Top of the 3rd over - 0 runs, 0 hits, 0 errors, 0 left on base; Ft. Polk South 0 - Lancaster 2
BOTTOM OF THE 3RD
Lancaster Farmers batting - Pitching for Ft. Polk South Thunder Hawks : RHP Ramón Solís
Batting: SHB Robert La Caze 0-0: Foul Ball, location: 2F
0-1: SINGLE (Groundball, 34) (infield hit)
Batting: RHB Woodrow Terrebonne 0-0: Ball
1-0: Fly out, F8 (Flyball, 8LS)
Batting: LHB Tullu Amaad 0-0: Ball
1-0: Foul Ball, location: 2F
1-1: Ball
2-1: Swinging Strike
2-2: Strikes out swinging
Batting: RHB Gabe Cain 0-0: Ball
1-0: Ball
2-0: Foul Ball, location: 2F
2-1: SINGLE (Groundball, 56D)
Robert La Caze to second
Batting: LHB Mark Armstead 0-0: Foul Ball, location: 2F
0-1: Foul Ball, location: 2F
0-2: Ball
1-2: Foul Ball, location: 2F
1-2: SINGLE (Line Drive, 56D)
Robert La Caze to third
Gabe Cain to second
Runner from 3rd tries for Home, throw and OUT!
Bottom of the 3rd over - 0 runs, 3 hits, 0 errors, 2 left on base; Ft. Polk South 0 - Lancaster 2
TOP OF THE 4TH
Ft. Polk South Thunder Hawks batting - Pitching for Lancaster Farmers : RHP Bert Gean
Batting: RHB Borja Berrios 0-0: Ground out 6-3 (Groundball, 6MD)
Batting: RHB José Morín 0-0: Called Strike
0-1: Ball
1-1: Ball
2-1: Swinging Strike
2-2: Foul Ball, location: 2F
2-2: Strikes out swinging
Batting: RHB Turner Buccigross 0-0: Called Strike
0-1: Called Strike
0-2: Strikes out looking
Top of the 4th over - 0 runs, 0 hits, 0 errors, 0 left on base; Ft. Polk South 0 - Lancaster 2
BOTTOM OF THE 4TH
Lancaster Farmers batting - Pitching for Ft. Polk South Thunder Hawks : RHP Ramón Solís
Batting: LHB Pancho Farías 0-0: Ball
1-0: Fly out, F9 (Line Drive, 9)
Batting: RHB Alejandro Garza 0-0: Ball
1-0: SINGLE (Line Drive, 6D)
Batting: RHB Cosmo Castanhedo 0-0: Ball
1-0: Ball
2-0: Called Strike
2-1: Foul Ball, location: 2F
2-2: Foul Ball, location: 2F
2-2: Fielders Choice at 2nd, 4-6 (Groundball, 34)
Batting: RHB Juan Pedraza 0-0: Fielders Choice at 2nd, 5-4 (Groundball, 5L)
Bottom of the 4th over - 0 runs, 1 hit, 0 errors, 1 left on base; Ft. Polk South 0 - Lancaster 2
TOP OF THE 5TH
Ft. Polk South Thunder Hawks batting - Pitching for Lancaster Farmers : RHP Bert Gean
Batting: RHB Erik Sterk 0-0: Foul Ball, location: 2F
0-1: Ball
1-1: Called Strike
1-2: Strikes out swinging
Batting: RHB Alejandro Santiago 0-0: Called Strike
0-1: Ball
1-1: Foul Ball, location: 2F
1-2: Foul Ball, location: 2F
1-2: Strikes out swinging
Batting: LHB Tim Stinson 0-0: SINGLE (Line Drive, 9S)
Batting: RHB Luis Oliva 0-0: Ball
1-0: Called Strike
1-1: Ball
2-1: Fly out, F9 (Flyball, 9)
Top of the 5th over - 0 runs, 1 hit, 0 errors, 1 left on base; Ft. Polk South 0 - Lancaster 2
BOTTOM OF THE 5TH
Lancaster Farmers batting - Pitching for Ft. Polk South Thunder Hawks : RHP Ramón Solís
Batting: SHB Robert La Caze 0-0: Foul Ball, location: 2F
0-1: Ball
1-1: Ball
2-1: Foul Ball, location: 2F
2-2: Ball
3-2: Foul Ball, location: 2F
3-2: Foul Ball, location: 2F
3-2: Ground out U3 (Groundball, 23)
Batting: RHB Woodrow Terrebonne 0-0: Ball
1-0: Foul Ball, location: 2F
1-1: Swinging Strike
1-2: Foul Ball, location: 2F
1-2: Foul Ball, location: 2F
1-2: Ball
2-2: Fly out, F5 (Popup, 5SF)
Batting: LHB Tullu Amaad 0-0: Foul Ball, location: 2F
0-1: SINGLE (Flyball, 78M)
Batting: RHB Gabe Cain 0-0: SINGLE (Line Drive, 89S)
Tullu Amaad to second
Runner from 2nd tries for 3rd, OUT!
Bottom of the 5th over - 0 runs, 2 hits, 0 errors, 1 left on base; Ft. Polk South 0 - Lancaster 2
TOP OF THE 6TH
Ft. Polk South Thunder Hawks batting - Pitching for Lancaster Farmers : RHP Bert Gean
Batting: SHB David Martínez 0-0: Called Strike
0-1: Ball
1-1: Ball
2-1: Ball
3-1: Base on Balls
Batting: RHB Peter Feng 0-0: Foul Ball, location: 2F
0-1: Bunted foul
0-2: Foul Ball, location: 2F
0-2: Ball
1-2: Fielders Choice at 2nd, 4-6 (Groundball, 4)
Batting: RHB Borja Berrios 0-0: Ball
1-0: Ball
2-0: Ball
3-0: Base on Balls
Peter Feng to second
Batting: RHB José Morín 0-0: Ball
Peter Feng steals 3rd base
Borja Berrios to second
1-0: Called Strike
1-1: Ball
2-1: Ball
3-1: Swinging Strike
3-2: Strikes out swinging
Batting: RHB Turner Buccigross 0-0: Called Strike
0-1: Ball
1-1: SINGLE (Line Drive, 6M)
Peter Feng scores
Borja Berrios to third
Runner from 3rd tries for Home, SAFE, no throw
Batting: RHB Erik Sterk 0-0: SINGLE (Line Drive, 4MD)
Turner Buccigross to second
Batting: RHB Alejandro Santiago 0-0: Called Strike
0-1: Ball
1-1: Foul Ball, location: 2F
1-2: Foul Ball, location: 2F
1-2: Foul Ball, location: 2F
1-2: Ball
Passed Ball!
Turner Buccigross to third
Erik Sterk to second
2-2: SINGLE (Flyball, 7S)
Turner Buccigross scores
Erik Sterk to third
Runner from 3rd tries for Home, SAFE, no throw
Batting: LHB Tim Stinson 0-0: Ball
1-0: Swinging Strike
1-1: Foul Ball, location: 2F
1-2: Ball
2-2: DOUBLE (Flyball, 78D)
Alejandro Santiago to third
Runner from 3rd tries for Home, SAFE, no throw
Pitching: LHP Ammuc Mwenda
Batting: RHB Luis Oliva 0-0: Fly out, F8 (Flyball, 78M)
Top of the 6th over - 5 runs, 4 hits, 0 errors, 1 left on base; Ft. Polk South 5 - Lancaster 2
BOTTOM OF THE 6TH
Lancaster Farmers batting - Pitching for Ft. Polk South Thunder Hawks : RHP Ramón Solís
Batting: LHB Mark Armstead 0-0: Called Strike
0-1: Ground out 4-3 (Groundball, 4D)
Batting: LHB Pancho Farías 0-0: Ball
1-0: Called Strike
1-1: Fly out, F8 (Flyball, 8RS)
Batting: RHB Alejandro Garza 0-0: Ball
1-0: Called Strike
1-1: Foul Ball, location: 2F
1-2: Fly out, F8 (Flyball, 8LM)
Bottom of the 6th over - 0 runs, 0 hits, 0 errors, 0 left on base; Ft. Polk South 5 - Lancaster 2
TOP OF THE 7TH
Ft. Polk South Thunder Hawks batting - Pitching for Lancaster Farmers : LHP Ammuc Mwenda
Batting: SHB David Martínez 0-0: Ball
1-0: SINGLE (Line Drive, 9LS)
Batting: RHB Peter Feng 0-0: Ball
David Martínez steals 2nd base
1-0: Ball
2-0: Ball
3-0: Called Strike
3-1: Base on Balls
Batting: RHB Borja Berrios 0-0: Ball
1-0: Ball
2-0: Ball
3-0: Swinging Strike
3-1: Swinging Strike
3-2: Foul Ball, location: 2F
3-2: Strikes out looking
Batting: RHB José Morín 0-0: SINGLE (Line Drive, 89S)
David Martínez to third
Peter Feng to second
Runner from 3rd tries for Home, SAFE, throw made home
Batting: RHB Turner Buccigross 0-0: Ball
1-0: Ball
2-0: Fielders Choice at 2nd, 6-4 (Groundball, 56)
Peter Feng to third
Batting: RHB Erik Sterk 0-0: Ball
1-0: Called Strike
1-1: Foul Ball, location: 2F
1-2: Strikes out swinging
Top of the 7th over - 1 run, 2 hits, 0 errors, 2 left on base; Ft. Polk South 6 - Lancaster 2
BOTTOM OF THE 7TH
Lancaster Farmers batting - Pitching for Ft. Polk South Thunder Hawks : RHP Ramón Solís
Batting: RHB Cosmo Castanhedo 0-0: Ball
1-0: Foul Ball, location: 2F
1-1: Foul Ball, location: 2F
1-2: Ball
2-2: Foul Ball, location: 2F
2-2: Ball
3-2: Fly out, F8 (Flyball, 89M)
Batting: RHB Juan Pedraza 0-0: Foul Ball, location: 2F
0-1: Ball
1-1: Reached on error, E6 (Groundball, 6)
Pitching: RHP Joey Hamman
Batting: SHB Robert La Caze 0-0: Ball
1-0: Foul Ball, location: 2F
1-1: Ball
2-1: Ball
3-1: Base on Balls
Batting: RHB Woodrow Terrebonne 0-0: Swinging Strike
0-1: Ball
1-1: Ball
2-1: Fielders Choice at 2nd, 3-6 (Groundball, 34)
Juan Pedraza to third
Batting: LHB Tullu Amaad 0-0: Ball
1-0: Swinging Strike
1-1: Swinging Strike
1-2: 3-RUN HOME RUN (Flyball, 9LD), Distance : 350 ft
Batting: RHB Gabe Cain 0-0: Called Strike
0-1: Ball
1-1: Fly out, F6 (Popup, 4MD)
Bottom of the 7th over - 3 runs, 1 hit, 1 error, 0 left on base; Ft. Polk South 6 - Lancaster 5
TOP OF THE 8TH
Ft. Polk South Thunder Hawks batting - Pitching for Lancaster Farmers : LHP Ammuc Mwenda
Batting: RHB Alejandro Santiago 0-0: Foul Ball, location: 2F
0-1: Called Strike
0-2: Ball
1-2: Strikes out swinging
Batting: LHB Tim Stinson 0-0: SINGLE (Line Drive, 6MD)
Batting: RHB Luis Oliva 0-0: Ball
1-0: Foul Ball, location: 2F
1-1: Called Strike
1-2: Ball
2-2: Ball
3-2: Grounds into double play, 6-4-3 (Groundball, 6)
Top of the 8th over - 0 runs, 1 hit, 0 errors, 0 left on base; Ft. Polk South 6 - Lancaster 5
BOTTOM OF THE 8TH
Lancaster Farmers batting - Pitching for Ft. Polk South Thunder Hawks : RHP Joey Hamman
Batting: LHB Mark Armstead 0-0: Called Strike
0-1: Foul Ball, location: 2F
0-2: Strikes out looking
Batting: LHB Pancho Farías 0-0: Called Strike
0-1: Ball
1-1: Fly out, F9 (Flyball, 9)
Batting: RHB Alejandro Garza 0-0: SOLO HOME RUN (Line Drive, 7D), Distance : 383 ft
Pitching: LHP César Vásquez
Batting: RHB Cosmo Castanhedo 0-0: Ball
1-0: Foul Ball, location: 2F
1-1: Ball
2-1: Ball
3-1: Swinging Strike
3-2: Base on Balls
Batting: RHB Juan Pedraza 0-0: Ball
1-0: Foul Ball, location: 2F
1-1: Called Strike
1-2: Strikes out swinging
Bottom of the 8th over - 1 run, 1 hit, 0 errors, 1 left on base; Ft. Polk South 6 - Lancaster 6
TOP OF THE 9TH
Ft. Polk South Thunder Hawks batting - Pitching for Lancaster Farmers : LHP Ammuc Mwenda
Pitching: RHP Raúl Nieto
Batting: SHB David Martínez 0-0: Ball
1-0: Reached on error, E6 (Groundball, 6M)
Batting: RHB Peter Feng 0-0: Bunted foul
0-1: Bunted foul
0-2: Ball
1-2: Ball
2-2: Foul Ball, location: 2F
2-2: Fielders Choice at 2nd, 6-4 (Groundball, 6)
Batting: RHB Borja Berrios 0-0: Ball
1-0: Ball
Peter Feng is caught stealing 2nd base
2-0: Called Strike
2-1: Fly out, F8 (Flyball, 8LD)
Top of the 9th over - 0 runs, 0 hits, 1 error, 0 left on base; Ft. Polk South 6 - Lancaster 6
BOTTOM OF THE 9TH
Lancaster Farmers batting - Pitching for Ft. Polk South Thunder Hawks : LHP César Vásquez
Batting: SHB Robert La Caze 0-0: Foul Ball, location: 2F
0-1: DOUBLE (Line Drive, 8LD)
Batting: RHB Woodrow Terrebonne 0-0: Intentional Walk
Batting: LHB Tullu Amaad 0-0: Swinging Strike
0-1: Ball
1-1: Ball
2-1: Ball
3-1: Fly out, F8 (Flyball, 78D)
Now in CF: Sigi Lang
Batting: RHB Gabe Cain 0-0: Foul Ball, location: 2F
0-1: Ball
1-1: Called Strike
1-2: Strikes out swinging
Batting: LHB Mark Armstead 0-0: Called Strike
0-1: Ball
1-1: Foul Ball, location: 2F
1-2: Ball
2-2: Ground out 4-3 (Groundball, 4)
Bottom of the 9th over - 0 runs, 1 hit, 0 errors, 2 left on base; Ft. Polk South 6 - Lancaster 6
TOP OF THE 10TH
Ft. Polk South Thunder Hawks batting - Pitching for Lancaster Farmers : RHP Raúl Nieto
Batting: RHB José Morín 0-0: Called Strike
0-1: Swinging Strike
0-2: Foul Ball, location: 2F
0-2: Ball
1-2: SINGLE (Groundball, 56S) (infield hit)
Batting: RHB Turner Buccigross 0-0: Called Strike
0-1: Ball
José Morín is caught stealing 2nd base
1-1: Called Strike
1-2: Strikes out swinging
Batting: RHB Erik Sterk 0-0: Called Strike
0-1: Called Strike
0-2: SINGLE (Line Drive, 9LS)
Pinch Runner at 1st Álex Castillo:
Batting: RHB Alejandro Santiago 0-0: Called Strike
Álex Castillo steals 2nd base
0-1: Foul Ball, location: 2F
0-2: Ball
1-2: Fly out, F8 (Line Drive, 8LM)
Top of the 10th over - 0 runs, 2 hits, 0 errors, 1 left on base; Ft. Polk South 6 - Lancaster 6
BOTTOM OF THE 10TH
Lancaster Farmers batting - Pitching for Ft. Polk South Thunder Hawks : LHP César Vásquez
Now in LF: Aaron Dixon
Batting: LHB Pancho Farías 0-0: Called Strike
0-1: Ball
1-1: Called Strike
1-2: Strikes out swinging
Batting: RHB Alejandro Garza 0-0: Ball
1-0: Called Strike
1-1: Called Strike
1-2: Foul Ball, location: 2F
1-2: Ball
2-2: Strikes out swinging
Batting: RHB Cosmo Castanhedo 0-0: Ball
1-0: Ball
2-0: Called Strike
2-1: Foul Ball, location: 2F
2-2: Ball
3-2: Base on Balls
Batting: RHB Juan Pedraza 0-0: Ball
Cosmo Castanhedo steals 2nd base
1-0: Fly out, F6 (Line Drive, 56)
Bottom of the 10th over - 0 runs, 0 hits, 0 errors, 1 left on base; Ft. Polk South 6 - Lancaster 6
TOP OF THE 11TH
Ft. Polk South Thunder Hawks batting - Pitching for Lancaster Farmers : RHP Raúl Nieto
Pitching: LHP Washington Scarpenti
Batting: LHB Tim Stinson 0-0: Foul Ball, location: 2F
0-1: Ball
1-1: Called Strike
1-2: Foul Ball, location: 2F
1-2: Foul Ball, location: 2F
1-2: Strikes out looking
Batting: RHB Luis Oliva 0-0: Ball
1-0: Swinging Strike
1-1: Ball
2-1: Foul Ball, location: 2F
2-2: Foul Ball, location: 2F
2-2: Strikes out swinging
Pinch Hitting: RHB Pedro Méndez 0-0: Called Strike
0-1: Called Strike
0-2: Ball
1-2: Ball
2-2: Strikes out swinging
Top of the 11th over - 0 runs, 0 hits, 0 errors, 0 left on base; Ft. Polk South 6 - Lancaster 6
BOTTOM OF THE 11TH
Lancaster Farmers batting - Pitching for Ft. Polk South Thunder Hawks : LHP César Vásquez
Pitching: RHP Alberto Baca
Now at SS: Augusto Escobar
Batting: SHB Robert La Caze 0-0: Ground out U3 (Groundball, 3)
Pinch Hitting: LHB Carlos Germán 0-0: Called Strike
0-1: Ball
1-1: Swinging Strike
1-2: Ball
2-2: DOUBLE (Flyball, 8LXD)
Batting: LHB Tullu Amaad 0-0: Intentional Walk
Batting: RHB Gabe Cain 0-0: Foul Ball, location: 2F
0-1: Ball
1-1: Ball
2-1: Ball
3-1: Fly out, F9 (Flyball, 9LS)
Batting: LHB Mark Armstead 0-0: Foul Ball, location: 2F
0-1: Swinging Strike
0-2: Ball
1-2: Ground out 4-3 (Groundball, 4)
Bottom of the 11th over - 0 runs, 1 hit, 0 errors, 2 left on base; Ft. Polk South 6 - Lancaster 6
TOP OF THE 12TH
Ft. Polk South Thunder Hawks batting - Pitching for Lancaster Farmers : LHP Washington Scarpenti
Now in RF: Carlos Germán
Batting: RHB Sigi Lang 0-0: Fly out, F7 (Flyball, 7LS)
Batting: RHB Borja Berrios 0-0: Called Strike
0-1: Called Strike
0-2: Strikes out swinging
Batting: RHB José Morín 0-0: Called Strike
0-1: Ball
1-1: Ball
2-1: Ball
3-1: Base on Balls
Batting: RHB Turner Buccigross 0-0: Called Strike
José Morín steals 2nd base
0-1: SINGLE (Line Drive, 6D)
José Morín to third
Runner from 3rd tries for Home, SAFE, no throw
Batting: RHB Aaron Dixon 0-0: Swinging Strike
0-1: Ball
1-1: Ball
2-1: Fly out, F9 (Flyball, 9S)
Top of the 12th over - 1 run, 1 hit, 0 errors, 1 left on base; Ft. Polk South 7 - Lancaster 6
BOTTOM OF THE 12TH
Lancaster Farmers batting - Pitching for Ft. Polk South Thunder Hawks : RHP Alberto Baca
Batting: LHB Pancho Farías 0-0: Called Strike
0-1: SINGLE (Groundball, 4MD)
Pinch Runner at 1st Danijel van Aalten:
Batting: RHB Alejandro Garza 0-0: Ball
1-0: Ball
Wild Pitch!
Danijel van Aalten to second
2-0: Ball
3-0: Base on Balls
Batting: RHB Cosmo Castanhedo 0-0: Bunted foul
0-1: Sac Bunt - play at first, batter OUT! 1-4
Danijel van Aalten to third
Alejandro Garza to second
Batting: RHB Juan Pedraza 0-0: Called Strike
0-1: Fly out, F3 (Line Drive, 34)
Batting: SHB Robert La Caze 0-0: SINGLE (Flyball, 7LS)
Danijel van Aalten scores
Alejandro Garza to third
Runner from 3rd tries for Home, SAFE, no throw
Tuesday, December 19th, 2017 - OOTP Baseball 18.8 Build 76